cohdb
Replays
Latest Replays
All Replays
Popular Replays
Top Player Replays
Match Explorer
How It Works
Community
CoH3 Stats
Reddit
Sign in to upload your games and track your stats! →
Sign in with Steam
Match 42230920
Unlisted
Match 42230920
Overview
Messages
Build Orders
End
Construct Section Command Post
Infantry Section
Infantry Section
Infantry Section
Selects Indian Artillery Battlegroup
Selects Indian Artillery Battlegroup
Selects Towed ML 4.2-inch Heavy Mortar
Towed ML 4.2-inch Heavy Mortar
Vickers Machine Gun Team
Construct Platoon Command Post
Unlock M3 Stuart Light Tanks
Grand.G
Elite Unit
0
0
Comments
sign in to comment!
No comments posted yet!